 Dungeon Crawl Stone Soup version 0.31-a0-836-g3ceb0a68c4 (webtiles) character file.

Game seed: 15473091272270432908

388 Kurtz the Chopper (level 6, -5/42 HPs)
             Began as an Octopode Fighter on Sept 26, 2023.
             Was an Initiate of Qazlal.
             Slain by a gnoll sergeant
             ... wielding a +1 spear of distortion
              (7 damage)
             ... on level 5 of the Dungeon.
             The game lasted 00:02:25 (3759 turns).

Kurtz the Chopper (Octopode Fighter)                Turns: 3759, Time: 00:02:26

Health: -5/42      AC:  1    Str: 16    XL:     6   Next: 79%
Magic:  6/6        EV: 13    Int: 10    God:    Qazlal [......]
Gold:   258        SH:  4    Dex: 13    Spells: 5/5 levels left

rFire   . . .        a - +0 war axe
rCold   . . .        b - +0 buckler
rNeg    . . .        (helmet restricted)
rPois   .            (no amulet)
rElec   .            (no ring)
rCorr   .            (no ring)
SInv    .            (no ring)
Will    .....        (no ring)
Stlth   ++           (no ring)
HPRegen 0.27/turn    (no ring)
MPRegen 0.10/turn    (no ring)
                     (no ring)

%: no passive effects
@: no status effects
A: almost no armour, amphibious, 8 rings, camouflage 1, gelatinous body 1,
(nimble swimmer 1), tentacles
a: Renounce Religion


You were on level 5 of the Dungeon.
You worshipped Qazlal.
Qazlal was noncommittal.
You visited 2 branches of the dungeon, and saw 6 of its levels.

You collected 258 gold pieces.

Inventory:

Hand Weapons
 a - a +0 war axe (weapon)
Armour
 b - a +0 buckler (worn)
Wands
 q - a wand of charming (8)
 r - a wand of digging (8)
Scrolls
 e - 6 scrolls of identify {unknown}
 f - a scroll of enchant armour {unknown}
 g - a scroll of enchant weapon {unknown}
 i - a scroll of vulnerability {unknown}
 l - a scroll of acquirement {unknown}
 n - 4 scrolls of teleportation {unknown}
 p - a scroll of torment {unknown}
Potions
 c - 3 potions of might
 d - a potion of cancellation
 h - a potion of resistance {unknown}
 j - a potion of curing {unknown}
 k - 3 potions of heal wounds {unknown}
 m - 2 potions of degeneration {unknown}
 o - a potion of enlightenment {unknown}


   Skills:
 - Level 3.0 Fighting
 * Level 6.9 Axes
 - Level 3.0 Dodging
 - Level 3.0 Shields
 * Level 0.7 Invocations


You had 5 spell levels left.
You didn't know any spells.
Your spell library contained the following spells:

 Spells                   Type           Power      Damage    Failure   Level
 Kiss of Death            Conj/Necr      0%         2d5       43%         1
 Poisonous Vapours        Pois/Air       0%         N/A       58%         2
 Confusing Touch          Hex            0%         N/A       82%         3
 Mephitic Cloud           Conj/Pois/Air  0%         N/A       82%         3
 Dispel Undead            Necr           0%         3d6       99%         4
 Freezing Cloud           Conj/Ice/Air   0%         6-21      100%        5


Dungeon Overview and Level Annotations

Branches:
Dungeon (5/15)             Temple (1/1) D:4

Altars:
Ashenzari
Cheibriados
Dithmenos
Elyvilon
Fedhas
Hepliaklqana
Kikubaaqudgha
Makhleb
Nemelex Xobeh
Okawaru
Qazlal
Ru
Sif Muna
Trog
Uskayaw
Vehumet
Wu Jian
Xom
Yredelemnul
Zin
The Shining One

Annotations:
D:3 1 runed translucent door, Crazy Yiuf


Innate Abilities, Weirdness & Mutations

You cannot wear most types of armour.
You are amphibious.
You can wear up to eight rings at the same time.
Your skin changes colour to match your surroundings (Stealth+).
Your rubbery body absorbs attacks. (AC +1, EV +1)
((You are camouflaged when in or above water. (Stealth+)))
You have tentacles for arms and can constrict up to eight enemies at once.


Message History

No target in view! 2 gnolls and a hound come into view.
A gnoll is wielding a +0 flail of protection.
The hound barks!
The gnoll shouts!
You hear a shout! x2
There are monsters nearby!
A gnoll sergeant and a gnoll come into view.
The gnoll sergeant is wielding a +1 spear of distortion.
The hound misses you.
The gnoll shouts!
You hit the hound but do no damage. Your grab misses the hound.
The hound barely misses you. x2
You miss the hound. You grab the hound. You constrict the hound.
The hound bites you. x2
Unknown command.
You hit the hound. You squeeze the hound.
The hound is severely wounded.
You constrict the hound.
You kill the hound!
Qazlal accepts your kill.
Unknown command.
The gnoll misses you.
You hit the gnoll. Your grab misses the gnoll.
You squeeze the gnoll, but do no damage.
The gnoll is lightly wounded.
The gnoll sergeant hits you from afar with a +1 spear of distortion!
Space warps horribly around you! The gnoll closely misses you.
The gnoll sergeant closely misses you.
The gnoll hits you with a +0 flail of protection.
* * * LOW HITPOINT WARNING * * *
The gnoll attacks as it pursues you!
The gnoll hits you with a +0 flail of protection!
* * * LOW HITPOINT WARNING * * *
The gnoll sergeant attacks as it pursues you!
The gnoll sergeant misses you.
It was a potion of cancellation.
You feel magically purged. The gnoll misses you. The gnoll sergeant misses you.
Unknown command.
The gnoll sergeant attacks as it pursues you!
The gnoll sergeant hits you from afar with a +1 spear of distortion!
You die...

#.. #.# .#####.#
...##g# #.>##g# #
#..##.# #.#..##g#
#.#..##g###
.#.##.....@...#
.......<....#.....
.#..###..#....####
#..#.#.##
#..#.#...
...#.##### #####.#
#.# .#


You could see a gnoll sergeant and 3 gnolls.

Vanquished Creatures
  A hound (D:5)
  A sleepcap (D:4)
  Natasha (thrice) (D:2)
  3 orc wizards
  Robin (D:4)
  4 gnolls (D:3)
  2 adders
  A worm (D:3)
  13 orcs
  7 ball pythons
  4 bats
  5 endoplasms
  2 giant cockroaches
  10 hobgoblins
  10 jackals
  A quokka (D:4)
  3 frilled lizards
  18 goblins
  7 kobolds
  7 rats
103 creatures vanquished.

Notes
Turn   | Place    | Note
-------+----------+-------------------------------------------
     0 | D:1      | Kurtz the Octopode Fighter began the quest for the Orb.
     0 | D:1      | Reached XP level 1. HP: 16/16 MP: 1/1
    77 | D:1      | Reached XP level 2. HP: 21/21 MP: 2/2
   280 | D:1      | Reached skill level 3 in Axes
   488 | D:1      | Reached XP level 3. HP: 23/26 MP: 3/3
   889 | D:2      | Noticed Natasha
   897 | D:2      | Killed Natasha
   898 | D:2      | Reached skill level 4 in Axes
  1177 | D:2      | Reached XP level 4. HP: 31/31 MP: 4/4
  1408 | D:2      | Found a shimmering altar of Xom.
  1533 | D:2      | Noticed Natasha
  1541 | D:2      | Killed Natasha
  1608 | D:2      | Noticed Natasha
  1613 | D:2      | Killed Natasha
  1614 | D:2      | Reached skill level 5 in Axes
  1781 | D:3      | Reached XP level 5. HP: 35/36 MP: 5/5
  2543 | D:3      | Found a runed translucent door.
  2544 | D:3      | Noticed Crazy Yiuf
  2985 | D:3      | Reached skill level 6 in Axes
  3029 | D:4      | Noticed Robin
  3078 | D:3      | Reached XP level 6. HP: 29/42 MP: 6/6
  3141 | D:4      | Killed Robin
  3158 | D:4      | Found a staircase to the Ecumenical Temple.
  3181 | Temple   | Entered the Ecumenical Temple
  3220 | Temple   | Became a worshipper of Qazlal Stormbringer
  3338 | D:4      | Found a hide-covered altar of Uskayaw.
  3338 | D:4      | Found a bloodstained altar of Trog.
  3746 | D:5      | Entered Level 5 of the Dungeon
  3757 | D:5      | HP: 2/42 [gnoll/+0 flail of protection[a gnoll sergeant]
                  | (9)]
  3759 | D:5      | Slain by a gnoll sergeant

Illustrated notes

Levels and vault maps discovered:
D:1:      evilmike_arrival_grusome_pit, layout_basic
D:2:      layout_rooms, basic_altar, chequers_big_river, uniq_natasha
D:3:      layout_basic, minmay_misc_feat_doors, uniq_crazy_yiuf_cottage
D:4:      layout_basic, chequers_temple_overflow_statue_of_worship,
          minmay_temple_entry_wispy, amcnicky_mini_corridor_feature,
          corexii_item_surrounded_by_moat, uniq_robin
D:5:      layout_loops_ring, grunt_gozag_statues, serial_shops,
          nicolae_shop_back_alley_shop
Temple:   hellmonk_temple_of_storms

Skill      XL: |  1  2  3  4  5 |
---------------+----------------+-----
Axes           | 3 4 5 6 |  6.9
Fighting       | |  3.0
Dodging        | |  3.0
Shields        | |  3.0
Invocations    | |  0.7

Action                     |  1- 3 |  4- 6 || total
---------------------------+-------+-------++-------
  Melee: War axe           |    48 |   122 ||   170
         Constrict         |    12 |    29 ||    41
         Tentacles         |     6 |    23 ||    29
         Punch             |     1 |     2 ||     3
    Use: Potion            |       |     1 ||     1
   Stab: Sleeping          |     3 |    10 ||    13
         Distracted        |     1 |       ||     1
 Armour: Skin              |    10 |    58 ||    68
  Dodge: Dodged            |    33 |    85 ||   118
  Block: Buckler           |    12 |    18 ||    30

Table legend: (Time is in decaauts)
 A = Elapsed time spent in this place.
 B = Non-inter-level travel time spent in this place.
 C = Inter-level travel time spent in this place.
 D = Time resting spent in this place.
 E = Time spent auto-exploring this place.
 F = Levels seen in this place.
 G = Mean time per level.
                   A        B        C        D        E       F      G
               +--------+--------+--------+--------+--------+-----+--------+
         Total |   3810 |   3649 |    161 |    975 |   2104 |   6 |  635.0 |
       Dungeon |   3752 |   3627 |    125 |    975 |   2097 |   5 |  750.4 |
        Temple |     57 |     21 |     36 |      0 |      7 |   1 |   57.0 |
               +--------+--------+--------+--------+--------+-----+--------+

Top non-repeatable levels by time:
     D:3: 1362 daAuts
     D:2: 1014 daAuts
     D:1: 786 daAuts
     D:4: 575 daAuts
  Temple: 57 daAuts
     D:5: 13 daAuts
